 Dungeon Crawl Stone Soup version 0.25.0-11-g1f837a7 (webtiles) character file.

Game seed: 11808614449295768729

10810 tkappleton the Cleaver (level 11, -16/145 HPs)
             Began as a Minotaur Berserker on June 25, 2020.
             Was a High Priest of Trog.
             Demolished by a two-headed ogre
             ... wielding a +0 giant club
              (18 damage)
             ... on level 11 of the Dungeon.
             The game lasted 00:57:03 (12089 turns).

tkappleton the Cleaver (Minotaur Berserker)        Turns: 12089, Time: 00:57:04

Health: -16/145    AC: 19    Str: 23    XL:     11   Next: 41%
Magic:  10/10      EV: 17    Int:  4    God:    Trog [*****.]
Gold:   440        SH:  0    Dex: 21    Spells: 10/10 levels left

rFire    . . .     SeeInvis +   a - +4 battleaxe
rCold    . . .     Gourm    .   (shield currently unavailable)
rNeg     . . .     Faith    .   L - +1 scale mail of the Trilobite {Dex+6}
rPois    .         Spirit   .   (helmet restricted)
rElec    .         Reflect  .   N - +0 cloak
rCorr    .         Harm     .   y - +2 pair of gloves {Dex+3}
MR       .....                  g - +0 pair of boots
Stlth    ..........             (no amulet)
HPRegen  0.34/turn              s - +4 ring of protection
MPRegen  0.12/turn              m - ring of see invisible

@: berserking, very quick
A: retaliatory headbutt, horns 2
a: Berserk, Trog's Hand, Brothers in Arms, Renounce Religion


You were on level 11 of the Dungeon.
You worshipped Trog.
Trog was extremely pleased with you.
You were very hungry.

You visited 3 branches of the dungeon, and saw 13 of its levels.

You collected 640 gold pieces.
You spent 200 gold pieces at shops.

Inventory:

Hand Weapons
 a - a +4 battleaxe (weapon)
 b - a +1 vorpal shortbow
 D - a +4 whip
 I - a +2 vampiric whip
Missiles
 o - 258 stones (quivered)
 t - 8 boomerangs
 G - 99 arrows
Armour
 g - a +0 pair of boots (worn)
 y - a +2 pair of gloves of dexterity (worn)
 L - the +1 scale mail of the Trilobite (worn) {Dex+6}
   (You found it on level 8 of the Dungeon)

   It affects your dexterity (+6).
 N - a +0 cloak (worn)
Jewellery
 m - a ring of see invisible (right hand)
 s - a +4 ring of protection (left hand)
 C - an uncursed ring of resist corrosion
 H - an uncursed ring of protection from cold
 O - an uncursed ring of fire
Wands
 M - a wand of flame (6)
 Q - a wand of clouds (7)
Scrolls
 i - 6 scrolls of remove curse
 j - 10 scrolls of identify {unknown}
 k - 6 scrolls of teleportation {unknown}
 l - a scroll of enchant weapon {unknown}
 u - 2 scrolls of enchant armour {unknown}
 w - 3 scrolls of blinking {unknown}
 z - 5 scrolls of magic mapping {unknown}
 F - 6 scrolls of fear {unknown}
 J - 5 scrolls of amnesia {unknown}
 K - a scroll of fog {unknown}
 P - a scroll of summoning {unknown}
Potions
 d - 2 potions of degeneration {unknown}
 e - 3 potions of flight
 f - a potion of invisibility
 h - a potion of mutation {unknown}
 n - a potion of lignification {unknown}
 p - 3 potions of might {unknown}
 q - 3 potions of stabbing {unknown}
 r - a potion of cancellation {unknown}
 v - a potion of haste {unknown}
 x - 3 potions of curing {unknown}
 A - a potion of resistance {unknown}
 B - a potion of ambrosia {unknown}
 E - 3 potions of brilliance {unknown}
Miscellaneous
 R - a lightning rod (4/4)
Comestibles
 c - 20 rations


   Skills:
 + Level 9.5 Fighting
 - Level 10.4 Axes
 + Level 7.1 Throwing
 + Level 9.1 Armour
 + Level 8.2 Dodging
 + Level 6.5 Stealth


You had 10 spell levels left.
You didn't know any spells.
Your spell library was empty.

Dungeon Overview and Level Annotations

Branches:
Dungeon (11/15)            Temple (1/1) D:5            Lair (1/6) D:8
    Orc: D:9-12

Altars:
Ashenzari
Cheibriados
Dithmenos
Elyvilon
Fedhas
Gozag
Hepliaklqana
Kikubaaqudgha
Makhleb
Nemelex Xobeh
Okawaru
Qazlal
Ru
Sif Muna
Trog
Uskayaw
Vehumet
Wu Jian
Xom
Yredelemnul
Zin
The Shining One

Shops:
D:11 =


Innate Abilities, Weirdness & Mutations

You reflexively headbutt those who attack you in melee.
You have a pair of horns on your head.


Message History

An orc warrior comes into view. It is wielding a +1 mace of draining.
The two-headed ogre closely misses you. The two-headed ogre barely misses you.
You see here 2 large rocks.
You see here a large rock.
You see here a large rock.
A red film seems to cover your vision as you go berserk!
You feel yourself moving faster!
You feel mighty!
You are feeling very hungry.
The two-headed ogre barely misses you. You furiously retaliate!
You headbutt the two-headed ogre!
The two-headed ogre hits you with a +0 giant club!
* * * LOW HITPOINT WARNING * * *
You slash the two-headed ogre!
The two-headed ogre is severely wounded.
You hit the two-headed ogre.
The two-headed ogre is severely wounded.
The two-headed ogre hits you with a +0 giant club!
* * * LOW HITPOINT WARNING * * *
The two-headed ogre hits you with a +0 giant club!!
You die...

....# ....###
......?
###########.......
#..
#.................
#....
#.................
#....#
#.................
#....#
#....@O(((.((.....
#....#
#.##+####+#....(..
#....####........
.......
#........#.......
.......
#........+.......
.$.....
#.......≈≈≈≈≈###.
....##'
#.......≈###≈.#
.o..+ #####...≈#
≈... ....#
#...≈#+#≈....


You could see a two-headed ogre.

Vanquished Creatures
  A two-headed ogre (D:11)
  A cyclops (D:11)
  3 hippogriffs (D:7)
  Sigmund (D:2)
  A human (D:8)
  11 yaks
  2 wyverns
  3 hogs (D:8)
  Eustachio (D:5)
  A hungry ghost (D:9)
  Menkaure (D:5)
  Edmund (D:5)
  A water moccasin (D:10)
  Duvessa (D:5)
  2 sky beasts
  3 black bears
  An eye of draining (D:7)
  5 orc warriors
  4 ice beasts
  4 ogres
  A phantom (D:4)
  A swamp drake (D:8)
  The ghost of Sin92 the Skirmisher, an amateur DsFi (D:3)
  2 centaurs
  5 crocodiles
  2 bullfrogs
  Dowan (D:5)
  3 scorpions
  10 killer bees
  3 wights
  3 howler monkeys
  8 crimson imps
  A bullfrog zombie (D:10)
  2 centaur zombies
  A jelly (D:9)
  4 orc priests
  A quasit (D:10)
  Crazy Yiuf (D:5)
  3 hounds
  14 orc wizards
  3 bullfrog skeletons
  A gnoll shaman (D:5)
  Jessica (D:2)
  4 iguanas
  Natasha (thrice) (D:2)
  6 worker ants
  A hound zombie (D:10)
  A howler monkey zombie (D:7)
  16 gnolls
  A howler monkey skeleton (D:5)
  A worker ant zombie (D:10)
  15 adders
  2 shadow imps
  An adder skeleton (D:4)
  2 worms
  A dart slug (D:2)
  5 leopard geckos
  35 orcs
  4 giant cockroaches
  9 goblins
  6 hobgoblins
  8 jackals
  5 quokkas
  2 ball pythons
  7 bats
  4 frilled lizards
  8 kobolds
  A leopard gecko zombie (D:7)
  9 rats
277 creatures vanquished.

Vanquished Creatures (collateral kills)
  An ogre (D:8)
  5 wights (D:8)
  A hound (D:8)
  2 orc priests (D:8)
  A howler monkey skeleton (D:8)
  2 orcs (D:8)
12 creatures vanquished.

Vanquished Creatures (others)
  A giant cockroach (D:2)
  A hobgoblin (D:2)
  A rat (D:2)
  15 bushes (D:5)
18 creatures vanquished.

Grand Total: 307 creatures vanquished

Notes
Turn   | Place    | Note
-------+----------+-------------------------------------------
     0 | D:1      | tkappleton the Minotaur Berserker began the quest for the
                  | Orb.
     0 | D:1      | Reached XP level 1. HP: 19/19 MP: 0/0
    62 | D:1      | Reached skill level 4 in Axes
   217 | D:1      | Reached XP level 2. HP: 26/26 MP: 1/1
   301 | D:1      | You fall into a shaft and drop 1 floor!
   338 | D:2      | Noticed Sigmund
   350 | D:2      | Killed Sigmund
   350 | D:2      | Reached skill level 7 in Axes
   350 | D:2      | Reached XP level 3. HP: 31/31 MP: 2/2
   350 | D:2      | Reached XP level 4. HP: 39/39 MP: 3/3
   350 | D:2      | Reached XP level 5. HP: 45/45 MP: 4/4
   512 | D:1      | Reached ** piety under Trog
   937 | D:2      | Noticed Natasha
   945 | D:2      | Killed Natasha
   949 | D:2      | Found a bloodstained altar of Trog.
  1196 | D:2      | Reached skill level 8 in Axes
  1427 | D:2      | Noticed Natasha
  1437 | D:2      | Killed Natasha
  1437 | D:2      | Reached XP level 6. HP: 46/51 MP: 5/5
  1472 | D:2      | Noticed Natasha
  1483 | D:2      | Killed Natasha
  1586 | D:2      | Noticed Jessica
  1597 | D:2      | Killed Jessica
  1719 | D:2      | Found a hide-covered altar of Uskayaw.
  1729 | D:2      | Found an iron altar of Okawaru.
  1737 | D:2      | Found a glowing silver altar of Zin.
  1740 | D:2      | Found a shimmering blue altar of Sif Muna.
  1894 | D:2      | Found a white marble altar of Elyvilon.
  2163 | D:3      | Found a runed translucent door.
  2164 | D:3      | Noticed Sin92's ghost (amateur DsFi)
  2190 | D:3      | Killed Sin92's ghost
  2190 | D:3      | Reached skill level 9 in Axes
  2571 | D:3      | Reached *** piety under Trog
  2571 | D:3      | Reached XP level 7. HP: 57/57 MP: 6/6
  3444 | D:4      | Reached skill level 10 in Axes
  4014 | D:5      | Entered Level 5 of the Dungeon
  4073 | D:5      | Found a staircase to the Ecumenical Temple.
  4090 | Temple   | Entered the Ecumenical Temple
  4285 | D:5      | Reached skill level 1 in Throwing
  4285 | D:5      | Reached skill level 1 in Stealth
  4289 | D:5      | Noticed Duvessa
  4299 | D:5      | Noticed Dowan
  4315 | D:5      | Killed Duvessa
  4315 | D:5      | Reached XP level 8. HP: 44/66 MP: 7/7
  4333 | D:5      | Killed Dowan
  4333 | D:5      | Reached **** piety under Trog
  4539 | D:5      | Found a runed translucent door.
  4540 | D:5      | Noticed Crazy Yiuf
  4549 | D:5      | Killed Crazy Yiuf
  4733 | D:5      | Noticed Eustachio
  4769 | D:5      | Noticed Menkaure
  4783 | D:5      | Killed Menkaure
  4783 | D:5      | Reached skill level 5 in Fighting
  4787 | D:5      | Killed Eustachio
  5139 | D:5      | Noticed Edmund
  5158 | D:5      | Killed Edmund
  5718 | D:6      | Reached skill level 5 in Armour
  5830 | D:6      | Reached XP level 9. HP: 66/75 MP: 8/8
  5923 | D:6      | Found a hazy altar of Hepliaklqana.
  6572 | D:7      | Found a basalt altar of Yredelemnul.
  6590 | D:7      | Reached skill level 5 in Dodging
  7676 | D:7      | Reached skill level 5 in Throwing
  7921 | D:8      | Reached XP level 10. HP: 62/86 MP: 9/9
  8197 | D:8      | Got a faintly humming scale mail
  8227 | D:8      | Found an ornate altar of the Wu Jian Council.
  8549 | D:8      | Found a stormy altar of Qazlal.
  8608 | D:8      | Reached skill level 5 in Stealth
  8933 | D:8      | Found a staircase to the Lair.
  8938 | Lair:1   | Entered Level 1 of the Lair of Beasts
  9231 | D:8      | Found a radiant altar of Vehumet.
  9308 | D:9      | Identified the +1 scale mail of the Trilobite {Dex+6} (You
                  | found it on level 8 of the Dungeon)
  9355 | D:9      | Found a shadowy altar of Dithmenos.
  9551 | D:8      | Reached ***** piety under Trog
 10411 | D:9      | Found a shattered altar of Ashenzari.
 10552 | D:10     | Entered Level 10 of the Dungeon
 10568 | D:10     | Received a gift from Trog
 10583 | D:10     | Reached XP level 11. HP: 91/95 MP: 10/10
 11893 | D:11     | Found Lacoll's Jewellery Shoppe.
 11893 | D:11     | Noticed a two-headed ogre
 11900 | D:11     | Killed a two-headed ogre
 11974 | D:11     | Bought an uncursed ring of resist corrosion for 200 gold
                  | pieces
 12066 | D:11     | Noticed a two-headed ogre
 12089 | D:11     | HP: 2/145 [two-headed ogre/+0 giant club (7)]
 12089 | D:11     | Demolished by a two-headed ogre

Illustrated notes

Levels and vault maps discovered:
D:1:      lemuel_arrival_tunnels, layout_basic
D:2:      layout_basic, elyvilon_altar_4, grunt_temple_overflow_cloverleaf,
          overflow_temple_1_default, first_ration, uniq_jessica, uniq_sigmund,
          uniq_natasha
D:3:      layout_basic, gammafunk_ghost_grave
D:4:      layout_basic, minmay_crossroads
D:5:      layout_loops_ring, minmay_temple_entry_proselytizer,
          minmay_hedge_maze, uniq_edmund, uniq_duvessa, uniq_crazy_yiuf_cottage,
          uniq_eustachio, uniq_menkaure
D:6:      layout_basic, overflow_temple_1_default
D:7:      layout_loops_corners, overflow_temple_1_default,
          chequers_decorated_corner, hangedman_decor_riveting
D:8:      layout_basic, old_standard_altar, lemuel_crystal_altar,
          lemuel_crystal_altar, erik_lair_dragon, grunt_livestock,
          minmay_misc_feat_plants, chequers_serial_rivers_micro_e,
          minmay_misc_feat_hallway, small_statue_intersection
D:9:      layout_cave_pools, marbit_many_paths, cheibrodos_ashenzari_chains
D:10:     layout_loops_ring
D:11:     layout_gridville, kennysheep_orc_monster_closet_entryway,
          serial_shops, shop, kennysheep_mini_moat, shop_statue,
          nicolae_shop_temple_entry_statues_fountains, kennysheep_mini
Temple:   nicolae_temple_figure_zero
Lair:1:   layout_regular_city

Skill      XL: |  1  2  3  4  5  6  7  8  9 10 11 |
---------------+----------------------------------+-----
Axes           | 4 7 8 9 10 | 10.4
Fighting       | 4 5 7 8 9 |  9.5
Throwing       | 1 3 5 6 7 |  7.1
Stealth        | 1 3 4 6 |  6.5
Armour         | 3 5 6 8 9 |  9.1
Dodging        | 3 4 6 7 8 |  8.2

Action                   |  1- 3 |  4- 6 |  7- 9 | 10-12 || total
-------------------------+-------+-------+-------+-------++-------
Melee: Hand axe          |    38 |   145 |   420 |   168 ||   771
       Headbutt          |     5 |    24 |    99 |    75 ||   203
       Battleaxe         |       |       |       |    67 ||    67
 Fire: Shortbow          |       |       |    67 |   157 ||   224
Throw: Stone             |       |    81 |    94 |     7 ||   182
Invok: Berserk           |     1 |     1 |     1 |     1 ||     4
       Brothers in Arms  |       |       |     2 |     1 ||     3
       Trog's Hand       |       |       |     2 |     2 ||     4
  Use: Potion            |       |       |       |     4 ||     4
       Scroll            |       |       |       |     1 ||     1
  Eat: Chunk             |       |     7 |    20 |    15 ||    42
Armor: Scale mail        |     9 |    53 |   185 |    80 ||   327
Dodge: Dodged            |    18 |    59 |   217 |   173 ||   467
